 Dungeon Crawl Stone Soup version 0.30-a0-187-gd9c2deaf24 (webtiles) character file.

Game seed: 11470817854340321227

179 greasedhog the Trooper (level 5, -5/35 HPs)
             Began as a Gargoyle Cinder Acolyte on Oct 4, 2022.
             Was a High Priest of Ignis.
             Slain by Sigmund
             ... wielding a +0 scythe of protection
              (9 damage)
             ... on level 3 of the Dungeon.
             The game lasted 00:02:35 (1711 turns).

greasedhog the Trooper (Gargoyle Cinder Acolyte)    Turns: 1711, Time: 00:02:36

Health: -5/35      AC:  7    Str: 17    XL:     5   Next: 59%
Magic:  6/6        EV: 11    Int: 19    God:    Ignis [*****.]
Gold:   105        SH:  0    Dex:  3    Spells: 6/6 levels left

rFire   + . .      SeeInvis .    h - +7 dagger of Bodily Harmony {vorpal, rElec Int+4 Dex-4}
rCold   . . .      Faith    .    (no shield)
rNeg    + . .      Spirit   .    c - +0 leather armour
rPois   ∞          Reflect  .    (no helmet)
rElec   +          Harm     .    (no cloak)
rCorr   .          Rampage  .    (no gloves)
Will    .....                    (no boots)
Stlth   ..........               (no amulet)
HPRegen 0.25/turn                (no ring)
MPRegen 0.10/turn                (no ring)

@: hasted, very quick
A: sickness immunity, AC +4, negative energy resistance 1, electricity
resistance, torment resistance 1, petrification resistance
a: Renounce Religion, Fiery Armour, Foxfire Swarm, Rising Flame


You were on level 3 of the Dungeon.
You worshipped Ignis.
Ignis was extremely pleased with you.
You visited 1 branch of the dungeon, and saw 3 of its levels.

You collected 105 gold pieces.

Inventory:

Hand Weapons
 a - a -1 mace of flaming
 h - the +7 dagger of Bodily Harmony (weapon) {vorpal, rElec Int+4 Dex-4}
   (You found it on level 2 of the Dungeon)

   It inflicts extra damage upon your enemies.
   Int:       It affects your intelligence (+4).
   Dex:       It affects your dexterity (-4).
   rElec:     It insulates you from electricity.
Armour
 c - a +0 leather armour (worn)
Jewellery
 e - an amulet of reflection
Scrolls
 b - a scroll of butterflies
 g - a scroll of magic mapping {unknown}
 i - a scroll of enchant armour {unknown}
 j - a scroll of poison {unknown}
 m - a scroll of brand weapon {unknown}
 p - a scroll of noise {unknown}
 r - 2 scrolls of identify {unknown}
Potions
 f - a potion of heal wounds {unknown}
 k - 2 potions of degeneration {unknown}
 l - a potion of ambrosia {unknown}
 n - a potion of resistance {unknown}
 o - a potion of curing {unknown}
 q - a potion of attraction {unknown}


   Skills:
 - Level 5.0 Fighting
 * Level 4.7 Maces & Flails
 * Level 1.0 Armour
 - Level 1.0 Spellcasting
 - Level 3.0 Fire Magic


You had 6 spell levels left.
You didn't know any spells.
Your spell library contained the following spells:

 Spells                   Type           Power      Damage    Failure   Level
 Scorch                   Fire           24%        2d6       10%         2
 Shock                    Conj/Air       0%         1d3       22%         1
 Gell's Gravitas          Tloc           0%         N/A       54%         3
 Lesser Beckoning         Tloc           0%         N/A       54%         3
 Swiftness                Air            0%         N/A       54%         3
 Teleport Other           Tloc           0%         N/A       54%         3
 Airstrike                Air            0%         2d(0-16)  91%         4


Dungeon Overview and Level Annotations

Branches:
Dungeon (3/15)

Altars:
Fedhas
Wu Jian

Annotations:
D:3 Sigmund


Innate Abilities, Weirdness & Mutations

You are immune to sickness and miasma.
Your stone body is resilient. (AC +4)
You are immune to poison.
You resist negative energy. (rN+)
You are resistant to electric shocks. (rElec)
You are resistant to unholy torment.
You are immune to petrification.


Message History

Sigmund is moderately wounded.
Sigmund points at you and mumbles some strange words.
The magic dart hits you but does no damage.
You hit Sigmund but do no damage.
Sigmund is moderately wounded.
Sigmund hits you with a +0 scythe of protection!
You hit Sigmund.
Sigmund is heavily wounded.
Sigmund closely misses you.
It was a potion of haste.
You feel yourself speed up.
You hit Sigmund but do no damage.
Sigmund is heavily wounded.
Sigmund hits you with a +0 scythe of protection!
You hit Sigmund.
Sigmund is severely wounded.
You barely miss Sigmund.
Sigmund is severely wounded.
Sigmund barely misses you.
You closely miss Sigmund.
Sigmund is severely wounded.
You barely miss Sigmund.
Sigmund is severely wounded.
You hit Sigmund.
Sigmund is severely wounded.
Sigmund casts a spell at you. The magic dart hits you.
You hit Sigmund but do no damage.
Sigmund is severely wounded.
Sigmund casts a spell.
Sigmund flickers and vanishes!
Deactivating autopickup; reactivate with Ctrl-A.
You hit something but do no damage. You barely miss something.
Something hits you.
* * * LOW HITPOINT WARNING * * *
You hit something. You closely miss something. Something hits you.
* * * LOW HITPOINT WARNING * * *
You hit something but do no damage. You closely miss something.
Something hits you!
You die...

#.).#........#.###########
#.#.'........#.### #
#.#.#........#...### #
#.#.##########.#...#######
#.#.......)....#.#........
########.##########.#)#.#........
.................##.#.#.#..#####.
################{##.#.#.#..#(?)#.
#@##.#.#.#..#)(!#.
#....#.#.#..#$$)#.
######.#.#..#####. #.# #...(....
#.# #........ #.# ######.## #>#
#.# #.# #.#
#####################.# ..#


There were no monsters in sight!

Vanquished Creatures
  Natasha (thrice) (D:3)
  4 adders
  3 worms
  6 dart slugs
  2 orcs (D:3)
  3 ball pythons
  A bat (D:1)
  An endoplasm (D:2)
  A giant cockroach (D:3)
  7 goblins
  3 hobgoblins
  6 kobolds
  4 quokkas
  4 frilled lizards (D:1)
  5 rats (D:3)
53 creatures vanquished.

Notes
Turn   | Place    | Note
-------+----------+-------------------------------------------
     0 | D:1      | greasedhog the Gargoyle Cinder Acolyte began the quest for
                  | the Orb.
     0 | D:1      | Reached XP level 1. HP: 14/14 MP: 2/2
    74 | D:1      | Reached XP level 2. HP: 10/19 MP: 3/3
   431 | D:2      | Reached skill level 4 in Fighting
   431 | D:2      | Reached XP level 3. HP: 22/24 MP: 4/4
   451 | D:2      | Identified the +7 dagger of Bodily Harmony {vorpal, rElec
                  | Int+4 Dex-4}
   486 | D:2      | Found a faded altar of an unknown god.
   799 | D:2      | Reached XP level 4. HP: 28/30 MP: 5/5
  1036 | D:3      | Noticed Natasha
  1045 | D:3      | Killed Natasha
  1082 | D:3      | Found an ornate altar of the Wu Jian Council.
  1205 | D:3      | Reached XP level 5. HP: 34/34 MP: 6/6
  1302 | D:3      | Identified the +11 falchion "Zasogur" {protect, Str+4}
  1325 | D:3      | Noticed Natasha
  1333 | D:3      | Killed Natasha
  1334 | D:3      | Reached skill level 5 in Fighting
  1383 | D:3      | Noticed Natasha
  1391 | D:3      | Killed Natasha
  1474 | D:3      | Reached skill level 1 in Armour
  1543 | D:3      | Found a blossoming altar of Fedhas.
  1689 | D:3      | Noticed Sigmund
  1711 | D:3      | Slain by Sigmund

Illustrated notes

Levels and vault maps discovered:
D:1:      dpeg_arrival_rooms_a, layout_basic
D:2:      layout_rooms, basic_ecumenical_altar
D:3:      layout_basic, nzn_wu_jian_contemplation, lemuel_doored_altar,
          hangedman_feature_mirror, minivault_25, due_unseen_surprise,
          uniq_sigmund, uniq_natasha

Skill      XL: |  1  2  3  4  5 |
---------------+----------------+-----
Fighting       | 4 5 |  5.0
Maces & Flails | 4 |  4.7
Armour         | 1 |  1.0
Spellcasting   | |  1.0
Fire Magic     | |  3.0

Action                   |  1- 3 |  4- 6 || total
-------------------------+-------+-------++-------
Melee: Mace              |    36 |       ||    36
       Punch             |     2 |       ||     2
       Dagger            |    26 |   107 ||   133
  Use: Scroll            |     2 |       ||     2
       Potion            |       |     1 ||     1
Armor: Robe              |     8 |       ||     8
       Leather armour    |    13 |    26 ||    39
Dodge: Dodged            |    31 |    37 ||    68

Table legend: (Time is in decaauts)
 A = Elapsed time spent in this place.
 B = Non-inter-level travel time spent in this place.
 C = Inter-level travel time spent in this place.
 D = Time resting spent in this place.
 E = Time spent auto-exploring this place.
 F = Levels seen in this place.
 G = Mean time per level.
                   A        B        C        D        E       F      G
               +--------+--------+--------+--------+--------+-----+--------+
         Total |   1714 |   1691 |     23 |      4 |   1285 |   3 |  571.3 |
       Dungeon |   1714 |   1691 |     23 |      4 |   1285 |   3 |  571.3 |
               +--------+--------+--------+--------+--------+-----+--------+

Top non-repeatable levels by time:
     D:3: 778 daAuts
     D:2: 532 daAuts
     D:1: 403 daAuts
